 Dungeon Crawl Stone Soup version 0.21-a0-195-gc079aee (webtiles) character file.

4007 Helio the Covert (level 10, -12/49 HPs)
             Began as a Spriggan Enchanter on Aug 15, 2017.
             Was a Priest of Dithmenos.
             Killed from afar by a deep troll earth mage (31 damage)
             ... with a blast of rock fragments
             ... on level 9 of the Dungeon.
             The game lasted 00:30:31 (13836 turns).

Helio the Covert (Spriggan Enchanter)              Turns: 13836, Time: 00:30:31

Health: -12/49     AC:  4    Str:  6    XL:     10   Next: 3%
Magic:  28/30      EV: 22    Int: 19    God:    Dithmenos [***...]
Gold:   1174       SH:  0    Dex: 16    Spells: 11/23 levels left

rFire    . . .     SeeInvis +   a - +4 dagger
rCold    . . .     Gourm    .   (shield restricted)
rNeg     . . .     Faith    .   b - +0 robe
rPois    .         Spirit   .   (helmet restricted)
rElec    .         Reflect  .   u - +1 cloak
rCorr    .         Harm     .   (gloves unavailable)
MR       +....                  (boots unavailable)
Stlth    ++++++++..             (no amulet)
HPRegen  0.16/turn              t - ring of magical power
MPRegen  0.22/turn              k - +5 ring of slaying

@: wreathed by umbra, very quick
A: unfitting armour, see invisible, herbivore 3, speed 3, slow metabolism 2
a: Shadow Step, Renounce Religion


You were on level 9 of the Dungeon.
You worshipped Dithmenos.
Dithmenos was most pleased with you.
You were not hungry.

You visited 2 branches of the dungeon, and saw 10 of its levels.
You also visited: Bailey.

You collected 1174 gold pieces.

Inventory:

Hand Weapons
 a - a +4 dagger (weapon)
 z - a +0 rapier of venom
Armour
 b - a +0 robe (worn)
 u - a +1 cloak (worn)
Jewellery
 k - a +5 ring of slaying (right hand)
 t - a ring of magical power (left hand)
 v - an uncursed amulet of magic regeneration {unknown}
 B - an uncursed amulet of harm {unknown}
Wands
 m - a wand of enslavement (23/24)
 n - a wand of polymorph (13/24)
 s - a wand of confusion (27/48)
 x - a wand of confusion (16/48)
 y - a wand of iceblast (8/15)
Scrolls
 w - a scroll of remove curse
Potions
 c - 4 potions of flight
 e - 2 potions of curing
 f - 2 potions of haste
 g - 5 potions of might
 h - 2 potions of agility
 i - 2 potions of magic
 j - a potion of lignification {unknown}
 l - 2 potions of ambrosia {unknown}
 o - a potion of heal wounds {unknown}
 p - 2 potions of degeneration {unknown}
 q - 3 potions of mutation {unknown}
 r - a potion of invisibility {unknown}
Comestibles
 d - 5 bread rations
 A - a royal jelly


   Skills:
 + Level 3.9 Fighting
 + Level 5.2 Short Blades
 + Level 6.9 Dodging
 + Level 14.0 Stealth
 + Level 7.2 Spellcasting
 + Level 7.5 Hexes


You had 11 spell levels left.
You knew the following spells:

 Your Spells              Type           Power        Failure   Level  Hunger
a - Ensorcelled Hibernat  Hex/Ice        ###...       3%          2    None
b - Corona                Hex            #####..      1%          1    None
c - Confuse               Hex            #####...     1%          3    #......
d - Tukima's Dance        Hex            #####...     1%          3    #......
e - Dazzling Spray        Conj/Hex       ###...       6%          3    #......


Dungeon Overview and Level Annotations

Branches:
Dungeon (9/15)             Temple (1/1) D:4
   Lair: D:8-11         Orc: D:9-12

Altars:
Ashenzari
Cheibriados
Dithmenos
Elyvilon
Fedhas
Gozag
Hepliaklqana
Kikubaaqudgha
Makhleb
Nemelex Xobeh
Okawaru
Qazlal
Ru
Sif Muna
Trog
Uskayaw
Vehumet
Wu Jian
Xom
Yredelemnul
Zin
The Shining One

Shops:
D:4 *


Innate Abilities, Weirdness & Mutations

You are very small and have problems with some larger weapons.
You are too small for most types of armour.
You have supernaturally acute eyesight. (SInv)
You are a herbivore.
You cover ground extremely quickly.
You need consume almost no food.


Message History

There is a stone staircase leading up here.
Unknown command.
You hear a grinding noise.
The killer bee closely misses you.
Casting: Confuse
Confirm with . or Enter, or press ? or * to list all spells.
Aiming: Ensorcelled Hibernation
Press: ? - help, Shift-Dir - straight line, f - killer bee
Aim: a killer bee (umbra, chance to defeat MR: 60%)
The killer bee looks drowsy...
The helpless killer bee fails to defend itself.
You skewer the killer bee like a kebab!!!!
You kill the killer bee!
Dithmenos accepts your kill.
You start resting.
The wall shatters!
The blast of rock fragments hits you!
Ouch! That really hurt!
You emit a cloud of dark smoke.
The wall shatters!
The blast of rock fragments hits you!
Ouch! That really hurt!
You die...

............ #.
#.#.........
###.###.###.≈.........
#.....................
#.....#.# #.≈....#...#
#.....#.###c≈........#
#....§§...........>...
.##...§§#.###.[..y....H.
.....§§@........#.......
.##..§§§§.........#.....
.....§§§..#####.####...#
.##.#####.....#.####.#..
# #...............
##.....#.####.###
.................##
##########.####.###
#.####.##.


There were no monsters in sight!

Vanquished Creatures
  A troll (D:7)
  2 wyverns
  Edmund (D:5)
  A water moccasin (D:7)
  2 black bears
  An ice beast (D:7)
  7 orc warriors
  A necrophage (D:7)
  2 phantoms
  A centaur (D:8)
  4 bullfrogs
  6 killer bees (D:9)
  5 wights (D:6)
  7 crimson imps
  A jelly (D:6)
  A quasit (D:8)
  A centaur skeleton (D:3)
  A centaur zombie (D:6)
  4 orc wizards
  A gnoll shaman (D:7)
  3 orc priests
  4 hounds
  4 bullfrog skeletons
  2 iguanas
  7 worker ants
  3 gnolls
  9 adders
  A howler monkey skeleton (D:4)
  2 shadow imps
  5 adder skeletons
  2 adder zombies
  3 worms
  2 dart slugs
  2 leopard geckos
  26 orcs
  2 ball pythons
  11 bats
  3 giant cockroaches
  11 hobgoblins
  8 jackals
  21 kobolds
  5 quokkas
  17 frilled lizards
  17 goblins
  A leopard gecko skeleton (D:5)
  8 rats
229 creatures vanquished.

Vanquished Creatures (collateral kills)
  2 gnolls (D:7)
  An adder (D:7)
  An orc (D:7)
  A kobold (Bailey)
5 creatures vanquished.

Vanquished Creatures (others)
  2 dancing weapons (D:7)
2 creatures vanquished.

Grand Total: 236 creatures vanquished

Notes
Turn   | Place    | Note
-------+----------+-------------------------------------------
     0 | D:1      | Helio the Spriggan Enchanter began the quest for the Orb.
     0 | D:1      | Reached XP level 1. HP: 9/9 MP: 5/5
   705 | D:1      | Reached XP level 2. HP: 9/13 MP: 5/7
   709 | D:1      | Learned a level 2 spell: Ensorcelled Hibernation
  1742 | D:1      | Reached XP level 3. HP: 16/16 MP: 9/9
  1747 | D:1      | Learned a level 3 spell: Confuse
  1751 | D:1      | Learned a level 3 spell: Tukima's Dance
  2713 | D:2      | Reached XP level 4. HP: 21/21 MP: 11/11
  3342 | D:2      | Reached skill level 5 in Hexes
  3654 | D:3      | Found an opulent altar of Gozag.
  3930 | D:3      | Learned a level 3 spell: Dazzling Spray
  4047 | D:3      | Reached skill level 5 in Stealth
  4054 | D:3      | Reached XP level 5. HP: 16/24 MP: 1/12
  4545 | D:3      | Reached skill level 6 in Stealth
  5067 | D:3      | Reached skill level 7 in Stealth
  5682 | D:4      | Found Textiski's General Store.
  5734 | D:4      | Found a glowing golden altar of the Shining One.
  5822 | D:4      | Reached XP level 6. HP: 28/28 MP: 9/13
  5828 | D:4      | Reached skill level 8 in Stealth
  5979 | D:4      | Reached skill level 9 in Stealth
  6212 | D:4      | Found a staircase to the Ecumenical Temple.
  6223 | Temple   | Entered the Ecumenical Temple
  6244 | Temple   | Became a worshipper of Dithmenos the Shadowed
  6636 | D:4      | Found a hide-covered altar of Uskayaw.
  6842 | D:4      | Reached skill level 10 in Stealth
  6851 | D:4      | Reached XP level 7. HP: 29/32 MP: 14/14
  7150 | D:5      | Entered Level 5 of the Dungeon
  7233 | D:5      | Noticed Edmund
  7402 | D:5      | Reached skill level 11 in Stealth
  7884 | D:5      | Killed Edmund
  7884 | D:5      | Reached * piety under Dithmenos
  7884 | D:5      | Reached skill level 12 in Stealth
  8444 | D:6      | Reached XP level 8. HP: 34/37 MP: 11/16
  8707 | D:6      | Reached skill level 1 in Fighting
  8707 | D:6      | Reached skill level 5 in Spellcasting
  9219 | D:6      | Reached skill level 13 in Stealth
  9705 | D:7      | Reached skill level 5 in Dodging
  9792 | D:7      | Reached XP level 9. HP: 42/42 MP: 19/19
  9902 | D:7      | Noticed a troll
  9905 | D:7      | Killed a troll
 10031 | D:7      | Reached ** piety under Dithmenos
 10477 | D:8      | Found an iron altar of Okawaru.
 10477 | D:8      | Found a glowing silver altar of Zin.
 10944 | D:8      | Found a shimmering altar of Xom.
 11530 | D:9      | Noticed a two-headed ogre
 11567 | D:9      | Noticed a two-headed ogre
 11567 | D:9      | Noticed a deep troll earth mage
 11917 | D:9      | Found a flagged portal.
 11931 | Bailey   | Entered a bailey
 11963 | Bailey   | Reached *** piety under Dithmenos
 12971 | Bailey   | Reached skill level 5 in Short Blades
 13469 | D:9      | Reached skill level 14 in Stealth
 13471 | D:9      | Reached XP level 10. HP: 49/49 MP: 21/21
 13577 | D:9      | HP: 2/49 [deep troll earth mage (15)]
 13582 | D:9      | HP: 2/49 [killer bee (7)]
 13836 | D:9      | Killed from afar by a deep troll earth mage

Vault maps used:
D:1:      co_arrival_square_in_a_square_in_a_square
D:2:      minmay_lizard_pond
D:3:      cheibrodos_pilgrimage, nicolae_gozag_seed_capital
D:4:      tso_metal_star, kennysheep_mini, minmay_temple_entry_butterflies,
          serial_shops, shop
D:5:      first_bread, uniq_edmund
D:8:      nicolae_overflow_hidden_temple, gammafunk_temple_overflow_wave
D:9:      minmay_the_grid_square_5x5_4x4, enter_bailey_3
Temple:   nicolae_temple_elliptical
Bailey:   bailey_axe_4, bailey

Skill      XL: |  1  2  3  4  5  6  7  8  9 |
---------------+----------------------------+-----
Spellcasting   | 3 4 6 7 |  7.2
Hexes          | 4 5 6 7 |  7.5
Stealth        | 5 7 10 12 13 14 | 14.0
Fighting       | 2 3 |  3.9
Short Blades   | 3 5 |  5.2
Dodging        | 5 6 |  6.9

Action                   |  1- 3 |  4- 6 |  7- 9 | 10-12 || total
-------------------------+-------+-------+-------+-------++-------
Melee: Dagger            |   117 |   137 |   194 |    24 ||   472
 Cast: Corona            |     8 |     1 |       |       ||     9
       Ensorcelled Hiber |    21 |    29 |    35 |     1 ||    86
       Tukima's Dance    |       |     1 |     7 |       ||     8
       Dazzling Spray    |       |     6 |    17 |       ||    23
       Confuse           |       |     8 |    69 |     3 ||    80
  Use: Scroll            |     4 |    10 |     7 |       ||    21
       Potion            |       |       |     1 |     4 ||     5
 Stab: Sleeping          |    24 |    26 |    53 |     1 ||   104
       Distracted        |     1 |     1 |       |       ||     2
       Invisible         |       |     2 |     2 |       ||     4
       Confused          |       |     2 |     9 |       ||    11
  Eat: Bread ration      |       |     1 |     1 |       ||     2
       Royal jelly       |       |       |     2 |       ||     2
Armor: Robe              |    14 |    11 |    11 |     4 ||    40
Dodge: Dodged            |    96 |    73 |   142 |    63 ||   374
